 Dungeon Crawl Stone Soup version 0.17.0-27-g4a3f43e (webtiles) character file.

3779 George the Basher (level 10, -8/64 HPs)
             Began as a Gargoyle Fighter on Nov 21, 2015.
             Was a Follower of Okawaru.
             Blown up by a gnoll (17 damage)
             ... with a wand of disintegration
             ... on level 8 of the Dungeon.
             The game lasted 00:16:32 (7661 turns).

George the Basher (Gargoyle Fighter)                Turns: 7661, Time: 00:16:33

Health: -8/64      AC: 25    Str: 21    XL:     10   Next: 16%
Magic:  11/11      EV:  8    Int:  8    God:    Okawaru [*.....]
Gold:   383        SH: 11    Dex: 12    Spells: 0 memorised, 9 levels left

rFire  . . .     SeeInvis .     a - +0 flail
rCold  . . .     Clarity  +     Q - +0 chain mail
rNeg   + . .     SustAt   .     c - +0 shield
rPois  ∞         Gourm    .     t - +0 helmet
rElec  +         Spirit   .     U - +2 cloak {+Inv}
rCorr  .         Warding  .     o - +0 pair of gloves
rMut   .         Stasis   .     (no boots)
MR     .....                    G - amulet of clarity
Stlth  ..........               y - +2 ring of protection
                                u - +2 ring of evasion

@: not resistant to hostile enchantments, extremely unstealthy
A: negative energy resistance 1, electricity resistance, unbreathing,
petrification resistance, rot immunity, AC +7
a: Heroism, Renounce Religion, Evoke Invisibility


You were on level 8 of the Dungeon.
You worshipped Okawaru.
Okawaru was aware of your devotion.
You were not hungry.

You visited 2 branches of the dungeon, and saw 9 of its levels.

You collected 383 gold pieces.

Inventory:

Hand Weapons
 a - a +0 flail (weapon)
 A - a +1 mace of holy wrath
Armour
 c - a +0 shield (worn)
 o - a +0 pair of gloves (worn)
 t - a +0 helmet (worn)
 Q - a +0 chain mail (worn)
 U - a +2 cloak of invisibility (worn)
Jewellery
 u - a +2 ring of evasion (left hand)
 y - a +2 ring of protection (right hand)
 G - an amulet of clarity (around neck)
 R - an uncursed ring of ice
Wands
 w - a wand of paralysis (11)
 K - a wand of digging (7)
 P - a wand of slowing (14)
 T - a wand of enslavement (6)
Scrolls
 f - 5 scrolls of identify
 g - a scroll of fear {unknown}
 i - a scroll of noise {unknown}
 j - a scroll of magic mapping {unknown}
 k - 4 scrolls of blinking {unknown}
 l - 2 scrolls of amnesia {unknown}
 n - a scroll of fog {unknown}
 C - 3 scrolls of teleportation {unknown}
 J - a scroll of recharging {unknown}
 M - a scroll of remove curse {unknown}
Potions
 d - a potion of might
 p - 3 potions of curing
 B - 2 potions of berserk rage
 E - a potion of heal wounds
Comestibles
 e - 5 bread rations
 h - 2 slices of pizza
 r - 6 meat rations
 I - 2 fruits
 N - a beef jerky
 O - 2 royal jellies
 V - 3 chunks of flesh


   Skills:
 + Level 7.8 Fighting
 * Level 9.1 Maces & Flails
 + Level 7.4 Armour
 + Level 7.8 Shields
 + Level 2.5 Invocations


You had 9 spell levels left.
You didn't know any spells.

Dungeon Overview and Level Annotations

Branches:
Dungeon (8/15)             Temple (1/1) D:7
   Lair: D:8-11

Altars:
Ashenzari
Cheibriados
Dithmenos
Elyvilon
Fedhas
Gozag
Kikubaaqudgha
Makhleb
Nemelex Xobeh
Okawaru
Qazlal
Ru
Sif Muna
Trog
Vehumet
Xom
Yredelemnul
Zin
The Shining One

Shops:
D:5 :

Annotations:
D:8 Erolcha


Innate Abilities, Weirdness & Mutations

You are resistant to torment.
Your stone body is resilient (AC +7).
You are immune to poison.
You resist negative energy.
You are resistant to electric shocks.
You can survive without breathing.
You are immune to petrification.
You are immune to rotting.


Message History

The gnoll sergeant hits you but does no damage.
You hit the gnoll.
The gnoll is lightly wounded.
The gnoll zaps a wand.
You are blasted!
* * * LOW HITPOINT WARNING * * *
The gnoll sergeant hits you but does no damage.
You are too injured to fight recklessly!
You are too injured to fight recklessly!
You are too injured to fight recklessly!
You are too injured to fight recklessly!
You are too injured to fight recklessly!
The gnoll zaps a wand.
You struggle to resist.
The gnoll sergeant throws a stone.
The stone hits you but does no damage.
You see here a stone.
The gnoll zaps a wand.
You struggle to resist.
There is an open door here.
The gnoll zaps a wand.
You are blasted!
* * * LOW HITPOINT WARNING * * *
The gnoll zaps a wand.
You are blasted!
You die...

##....'.<....# #....
#.....#......# #....
#.)...#......# #.... #######
#)..##......## ##### ......#
###(..#####....# ### ......#
#.........'....+ #.. ......#
#.....)...#....# #.. ......#
###g###'#####....######## ...####
#.......@......)......... ...#
...'........................
...#....#........................
...######...........)............
...................#####'#......#
'##................# ...#......#
..#......#'##......#.....#......#
..'......#..#......#.....#......#
..#......#..#......#.....#......#


You could see a gnoll.

Vanquished Creatures
  Pikel (D:6)
  Maurice (D:8)
  Grinder (D:6)
  Prince Ribbit (D:5)
  The ghost of cireshan the Conjurer, an amateur DECj (D:4)
  Menkaure (D:6)
  2 water moccasins
  A black bear (D:6)
  2 ice beasts
  3 ogres
  3 phantoms
  2 sky beasts
  A crocodile (D:8)
  2 big kobolds (D:7)
  A scorpion (D:8)
  A giant frog zombie (D:6)
  A centaur skeleton (D:5)
  2 hounds
  A crimson imp (D:6)
  2 jellies
  Terence (D:2)
  3 iguanas
  Natasha (twice) (D:2)
  11 worker ants
  A hound skeleton (D:6)
  A worker ant zombie (D:5)
  Robin (D:2)
  10 gnolls
  A shadow imp (D:5)
  2 adders (D:2)
  2 worms
  7 giant geckos
  14 orcs
  13 bats
  10 giant cockroaches
  10 goblins
  12 hobgoblins
  15 jackals
  11 kobolds
  2 quokkas
  A ball python (D:2)
  A giant gecko skeleton (D:4)
  7 giant newts
  2 jackal skeletons
  8 rats
178 creatures vanquished.

Vanquished Creatures (others)
  A quokka skeleton (D:6)
1 creature vanquished.

Grand Total: 179 creatures vanquished

Notes
Turn   | Place    | Note
--------------------------------------------------------------
     0 | D:1      | George the Gargoyle Fighter began the quest for the Orb.
     0 | D:1      | Reached XP level 1. HP: 14/14 MP: 1/1
   106 | D:1      | Reached XP level 2. HP: 19/19 MP: 2/2
   693 | D:1      | Reached XP level 3. HP: 22/24 MP: 3/3
   724 | D:1      | You fall through a shaft!
   815 | D:2      | Reached skill level 4 in Shields
  1116 | D:2      | Reached XP level 4. HP: 25/29 MP: 4/4
  1455 | D:2      | Noticed Terence
  1461 | D:2      | Killed Terence
  1597 | D:2      | Noticed Natasha
  1616 | D:2      | Killed Natasha
  1616 | D:2      | Reached XP level 5. HP: 10/33 MP: 5/5
  1939 | D:2      | Noticed Robin
  1953 | D:2      | Killed Robin
  2145 | D:2      | Noticed Natasha
  2150 | D:2      | Killed Natasha
  2684 | D:3      | Found a snail-covered altar of Cheibriados.
  2746 | D:3      | Reached XP level 6. HP: 39/39 MP: 6/6
  3871 | D:4      | Reached XP level 7. HP: 44/44 MP: 7/7
  3883 | D:4      | Noticed a water moccasin
  3886 | D:4      | Killed a water moccasin
  3886 | D:4      | Reached skill level 5 in Fighting
  3886 | D:4      | Reached skill level 5 in Maces & Flails
  3886 | D:4      | Reached skill level 5 in Shields
  3899 | D:4      | Noticed cireshan's ghost (amateur DECj)
  3938 | D:4      | Killed cireshan's ghost
  4208 | D:5      | Entered Level 5 of the Dungeon
  4280 | D:5      | Reached skill level 5 in Armour
  4620 | D:5      | Found Zyodghog's Book Shop.
  4757 | D:5      | Reached XP level 8. HP: 44/50 MP: 8/8
  4798 | D:6      | Noticed Prince Ribbit
  4835 | D:5      | Killed Prince Ribbit
  4835 | D:5      | Reached skill level 6 in Maces & Flails
  5058 | D:6      | Noticed Grinder
  5069 | D:6      | Killed Grinder
  5132 | D:6      | Found a stormy altar of Qazlal.
  5134 | D:6      | Found a basalt altar of Yredelemnul.
  5135 | D:6      | Found an ancient bone altar of Kikubaaqudgha.
  5403 | D:6      | Reached skill level 7 in Maces & Flails
  5667 | D:6      | Reached XP level 9. HP: 53/56 MP: 9/9
  5695 | D:6      | Noticed Pikel
  5758 | D:6      | Killed Pikel
  5777 | D:6      | Noticed Menkaure
  5786 | D:6      | Killed Menkaure
  5786 | D:6      | Reached skill level 8 in Maces & Flails
  6160 | D:7      | Found a staircase to the Ecumenical Temple.
  6225 | Temple   | Entered the Ecumenical Temple
  6232 | Temple   | Became a worshipper of Warmaster Okawaru
  6456 | D:7      | You fall through a shaft!
  6719 | D:7      | Reached skill level 1 in Invocations
  7227 | D:8      | Noticed Erolcha
  7397 | D:8      | Reached XP level 10. HP: 63/63 MP: 11/11
  7466 | D:8      | Noticed Maurice
  7595 | D:8      | Killed Maurice
  7595 | D:8      | Reached * piety under Okawaru
  7595 | D:8      | Reached skill level 9 in Maces & Flails
  7661 | D:8      | Blown up by a gnoll

Action                   |  1- 3 |  4- 6 |  7- 9 | 10-12 || total
-------------------------+-------+-------+-------+-------++-------
Melee: Flail             |   112 |   274 |   370 |    81 ||   837
       Mace              |       |       |    29 |    12 ||    41
Evoke: Wand              |       |       |     4 |       ||     4
  Use: Scroll            |       |       |     5 |       ||     5
       Potion            |       |       |     1 |       ||     1
 Stab: Paralysed         |       |       |    13 |       ||    13
  Eat: Chunk             |     1 |     9 |    10 |     1 ||    21
       Royal jelly       |       |       |     1 |       ||     1
